 Dungeon Crawl Stone Soup version 0.20.0-3-g22ec75f (webtiles) character file.

2596 Kosschaser the Grappler (level 9, -8/127 HPs)
             Began as a Troll Berserker on May 27, 2017.
             Was a High Priest of Trog.
             Mangled by a killer bee (9 damage)
             ... on level 7 of the Dungeon.
             The game lasted 00:17:48 (4792 turns).

Kosschaser the Grappler (Troll Berserker)           Turns: 4792, Time: 00:17:48

Health: -8/127     AC:  5    Str: 35    XL:     9   Next: 33%
Magic:  8/8        EV: 12    Int:  3    God:    Trog [*****.]
Gold:   341        SH:  0    Dex:  9    Spells: 8/8 levels left

rFire    . . .     SeeInvis .     - Unarmed
rCold    . . .     Gourm    +   (no shield)
rNeg     . . .     Faith    +   a - +0 animal skin
rPois    .         Spirit   .   (helmet restricted)
rElec    .         Reflect  .   (no cloak)
rCorr    .         Harm     .   (gloves unavailable)
MR       +++..     Rnd*Rage +   (boots unavailable)
Stlth    ..........             y - amulet of faith
Regen    1.8/turn               f - ring of protection from magic
MPRegen  0.2/turn               t - ring of flight

@: berserking, lethally poisoned (-8 -> -9), regenerating, very quick
A: unfitting armour, claws 3, horns 1, berserk 1, fast metabolism 3, gourmand,
regeneration 1, shaggy fur 1, tough skin 2
a: Berserk, Trog's Hand, Brothers in Arms, Burn Spellbooks, Renounce Religion,
Evoke Flight


You were on level 7 of the Dungeon.
You worshipped Trog.
Trog was extremely pleased with you.
You were full.

You visited 1 branch of the dungeon, and saw 7 of its levels.
You also visited: Sewer.

You collected 341 gold pieces.

Inventory:

Armour
 a - a +0 animal skin (worn)
Jewellery
 f - a ring of protection from magic (left claw)
 p - an uncursed ring of resist corrosion
 t - a ring of flight (right claw)
 y - an amulet of faith (around neck)
 A - a +2 ring of strength {unknown}
 B - an uncursed amulet of guardian spirit {unknown}
 D - the ring "Deess" {Ice Int+4 SInv, unknown}
   (You found it on level 6 of the Dungeon)

   [ring of ice]

   It enhances your ice magic.
   It affects your intelligence (+4).
   It makes you vulnerable to fire.
   It protects you from cold.
   It lets you see invisible.
Wands
 u - a wand of random effects (8/48)
 E - a wand of confusion (15/48)
Scrolls
 c - 2 scrolls of enchant weapon {unknown}
 g - 5 scrolls of identify {unknown}
 l - 2 scrolls of recharging {unknown}
 m - a scroll of fog {unknown}
 n - a scroll of amnesia {unknown}
 q - 5 scrolls of remove curse {unknown}
 v - 5 scrolls of teleportation {unknown}
 x - a scroll of random uselessness {unknown}
 C - a scroll of immolation {unknown}
 F - a scroll of blinking {unknown}
Potions
 d - 4 potions of agility {unknown}
 e - 2 potions of haste {unknown}
 h - a potion of berserk rage {unknown}
 i - 5 potions of flight {unknown}
 j - 2 potions of cancellation {unknown}
 k - 7 potions of curing {unknown}
 r - 4 potions of might {unknown}
 s - 2 potions of heal wounds {unknown}
 z - 4 potions of brilliance {unknown}
 G - 2 potions of mutation {unknown}
Comestibles
 b - 7 bread rations
 o - 3 royal jellies
 w - a meat ration


   Skills:
 + Level 4.4 Fighting
 + Level 5.9 Dodging
 + Level 10.4 Unarmed Combat


You had 8 spell levels left.
You didn't know any spells.

Dungeon Overview and Level Annotations

Branches:
Dungeon (7/15)             Temple (0/1) D:5

Altars:
Ashenzari
Qazlal
Trog
Vehumet


Innate Abilities, Weirdness & Mutations

You are too large for most types of armour.
You have claws for hands.
Your metabolism is lightning-fast.
You like to eat raw meat.
Your natural rate of healing is unusually fast.
You are covered in fur. (AC +1)
You have very tough skin. (AC +2)
You have a pair of small horns on your head.
You tend to lose your temper in combat.


Message History

The killer bee stings you but does no damage.
Your ogre misses the killer bee. What are your orders? t - Shout!
Anything else - Cancel.
You are too berserk!
You miss the killer bee.
You feel sick. The killer bee completely misses you.
You closely miss the killer bee. Your headbutt misses the killer bee.
You feel sick. The killer bee stings you.
* * * LOW HITPOINT WARNING * * *
Your ogre misses the killer bee. The killer bee stings you.
* * * LOW HITPOINT WARNING * * *
You mangle the killer bee!!
You kill the killer bee!
Trog accepts your kill.
* * * LOW HITPOINT WARNING * * *
You feel sick.
Your ogre dies!
Your ogre's corpse disappears in a puff of smoke!
The killer bee stings you!
You die...

##. ##. #....# #####....
#..>.# ####........
.....# #####.yy@...#
.....####..Zl.§y#####
............#####
.............###
...............##
?...............###
......##..........## .
......###..........###
..
.........##..........###
...


You could see 3 killer bees, a leopard gecko and a howler monkey skeleton.

Vanquished Creatures
  A deep elf mage (D:6)
  Sigmund (D:2)
  An ice beast (D:5)
  A sky beast (D:6)
  5 ogres
  2 centaurs
  A big kobold (Sewer)
  2 bullfrogs
  A wyvern zombie (D:6)
  2 killer bees (D:7)
  A howler monkey (D:4)
  A crimson imp (D:5)
  A bullfrog zombie (D:5)
  2 gnoll shamans (D:6)
  A hound (D:5)
  An orc priest (D:6)
  5 orc wizards
  An iguana (D:5)
  2 worker ants
  2 worker ant zombies
  8 adders
  17 gnolls
  7 river rats (Sewer)
  A shadow imp (D:6)
  An ooze (D:3)
  6 dart slugs
  8 leopard geckos
  14 orcs
  7 bats
  A giant cockroach (D:3)
  3 goblins (D:3)
  7 hobgoblins
  13 jackals
  2 quokkas
  9 ball pythons
  A ball python zombie (D:5)
  12 frilled lizards
  A giant cockroach zombie (D:5)
  21 kobolds
  A quokka skeleton (D:5)
  23 rats
197 creatures vanquished.

Vanquished Creatures (collateral kills)
  A killer bee (D:7)
1 creature vanquished.

Grand Total: 198 creatures vanquished

Notes
Turn   | Place    | Note
-------+----------+-------------------------------------------
     0 | D:1      | Kosschaser the Troll Berserker began the quest for the Orb.
     0 | D:1      | Reached XP level 1. HP: 22/22 MP: 0/0
   171 | D:1      | Reached XP level 2. HP: 29/29 MP: 1/1
   962 | D:2      | Reached XP level 3. HP: 36/36 MP: 2/2
  1034 | D:2      | Found a faded altar of an unknown god.
  1140 | D:2      | Found a shattered altar of Ashenzari.
  1163 | D:2      | Noticed Sigmund
  1179 | D:2      | Killed Sigmund
  1179 | D:2      | Reached skill level 4 in Unarmed Combat
  1179 | D:2      | Reached XP level 4. HP: 37/45 MP: 3/3
  1179 | D:2      | Reached XP level 5. HP: 44/53 MP: 4/4
  1180 | D:2      | Reached ** piety under Trog
  1352 | D:2      | Reached skill level 5 in Unarmed Combat
  1437 | D:3      | Noticed an ogre
  1438 | D:3      | Found a bloodstained altar of Trog.
  1504 | D:3      | Killed an ogre
  1504 | D:3      | Reached XP level 6. HP: 35/61 MP: 5/5
  2014 | D:4      | Reached skill level 6 in Unarmed Combat
  2233 | D:4      | Reached *** piety under Trog
  2233 | D:4      | Reached XP level 7. HP: 67/67 MP: 6/6
  2670 | D:4      | Reached skill level 7 in Unarmed Combat
  2787 | D:5      | Entered Level 5 of the Dungeon
  2810 | D:5      | Reached XP level 8. HP: 25/78 MP: 7/7
  2877 | D:5      | Reached skill level 8 in Unarmed Combat
  2972 | D:5      | Reached **** piety under Trog
  2991 | D:5      | Found a staircase to the Ecumenical Temple.
  3085 | D:5      | Found a glowing drain.
  3093 | Sewer    | Entered a sewer
  3461 | Sewer    | Reached ***** piety under Trog
  3479 | Sewer    | Reached skill level 5 in Dodging
  3898 | D:6      | Found a radiant altar of Vehumet.
  3899 | D:6      | Got a twitching wooden ring
  3958 | D:6      | Reached skill level 9 in Unarmed Combat
  4031 | D:6      | Gained mutation: You tend to lose your temper in combat. [mutagenic meat]
  4032 | D:6      | Gained mutation: You have a pair of small horns on your head. [mutagenic meat]
  4312 | D:6      | Noticed a deep elf mage
  4319 | D:6      | Killed a deep elf mage
  4319 | D:6      | Received a gift from Trog
  4319 | D:6      | Reached skill level 10 in Unarmed Combat
  4319 | D:6      | Reached XP level 9. HP: 66/85 MP: 8/8
  4567 | D:6      | Found a stormy altar of Qazlal.
  4791 | D:7      | HP: 6/127 [killer bee (1)]
  4791 | D:7      | HP: 1/127 [killer bee (5)]
  4792 | D:7      | Mangled by a killer bee

Skill      XL: |  1  2  3  4  5  6  7  8 |
---------------+-------------------------+-----
Fighting       | 3 4 |  4.4
Dodging        | 3 4 5 |  5.9
Unarmed Combat | 4 5 6 7 10 | 10.4

Action                   |  1- 3 |  4- 6 |  7- 9 || total
-------------------------+-------+-------+-------++-------
Melee: Unarmed           |    70 |   104 |   328 ||   502
       Punch             |     2 |     2 |     9 ||    13
       Headbutt          |       |       |    11 ||    11
Invok: Berserk           |     1 |       |     5 ||     6
       Trog's Hand       |       |       |     2 ||     2
       Brothers in Arms  |       |       |     1 ||     1
 Stab: Sleeping          |     1 |       |       ||     1
  Eat: Chunk             |    12 |     6 |    32 ||    50
       Bread ration      |     1 |       |       ||     1
Armor: Animal skin       |    33 |    33 |   106 ||   172
Dodge: Dodged            |    36 |    70 |   226 ||   332
